 Dungeon Crawl Stone Soup version 0.31.0-11-ge490571c62 (webtiles) character file.

Game seed: 3908866589831809748

1584 hikkokomori the Cleaver (level 8, -6/62 (71) HPs)
             Began as a Minotaur Berserker on Feb 5, 2024.
             Was a Priest of Trog.
             Mangled by an orc wizard
             ... wielding the +13 scythe of Curses {drain, curses, ^Drain}
              (17 damage)
             ... on level 5 of the Dungeon.
             The game lasted 00:08:55 (3878 turns).

hikkokomori the Cleaver (Minotaur Berserker)        Turns: 3878, Time: 00:08:56

HP:   -6/62 (71)    AC:  9    Str: 23    XL:     8   Next: 61%
MP:   7/7           EV:  9    Int:  4    God:    Trog [***...]
Gold: 61            SH: 10    Dex: 11    Spells: 7/7 levels left

rFire   . . .        a - +0 hand axe
rCold   . . .        e - +0 kite shield
rNeg    . . .        z - +1 scale mail {rPois}
rPois   +            (helmet restricted)
rElec   .            (no cloak)
rCorr   .            w - +1 pair of gloves
SInv    .            (no boots)
Will    .....        (no amulet) Stlth
                     (no ring)
HPRegen 0.30/turn    (no ring)
MPRegen 0.10/turn

%: no passive effects
@: mighty, heavily drained
A: horns 2, retaliatory headbutt
a: Renounce Religion, Berserk, Trog's Hand


You were on level 5 of the Dungeon.
You worshipped Trog.
Trog was most pleased with you.
You visited 1 branch of the dungeon, and saw 5 of its levels.

You collected 224 gold pieces.
You spent 163 gold pieces at shops.

Inventory:

Hand Weapons
 a - a +0 hand axe (weapon)
Missiles
 n - 3 javelins (quivered)
 y - 3 curare-tipped darts
Armour
 b - a +0 animal skin
 e - a +0 kite shield (worn)
 g - a +0 ring mail
 w - a +1 pair of gloves (worn)
 z - a +1 scale mail of poison resistance (worn)
Jewellery
 A - a ring of resist corrosion
Wands
 m - a wand of flame (70)
Scrolls
 c - 5 scrolls of teleportation {unknown}
 d - a scroll of revelation {unknown}
 h - a scroll of silence {unknown}
 j - 2 scrolls of identify {unknown}
 p - 4 scrolls of blinking
 q - 2 scrolls of immolation {unknown}
 r - a scroll of fear {unknown}
 s - a scroll of noise
 u - a scroll of amnesia {unknown}
 v - a scroll of poison {unknown}
Potions
 f - a potion of brilliance {unknown}
 i - 3 potions of heal wounds
 k - a potion of degeneration {unknown}
 l - a potion of enlightenment {unknown}
 o - a potion of might
 t - 2 potions of lignification {unknown}
 x - a potion of cancellation {unknown}


   Skills:
 + Level 6.9 Fighting
 - Level 9.4 Axes
 - Level 2.4 Armour
 - Level 2.1 Dodging
 + Level 7.6 Shields


You had 7 spell levels left.
You didn't know any spells.
Your spell library was empty.

Dungeon Overview and Level Annotations

Branches:
Dungeon (5/15)             Temple (0/1) D:5

Altars:
Dithmenos
Elyvilon
Makhleb
Nemelex Xobeh
Ru
Uskayaw

Shops:
D:1 *   D:3 ?   D:5 *


Innate Abilities, Weirdness & Mutations

You have a pair of horns on your head.
You reflexively headbutt those who attack you in melee.


Message History

You are too injured to fight recklessly!
Something tries to affect you, but you resist.
You are too injured to fight recklessly!
You block the orc's attack.
You are too injured to fight recklessly!
You slash the orc!
You kill the orc!
Trog accepts your kill. You block the iguana's attack.
You hear some strange, mumbled words.
You are confused.
There is an open door here.
Things that are here:
9 gold pieces; a +0 club You miss something.
You hit the iguana. Something hits you but does no damage.
You feel drained. Pain shoots through your body. The iguana closely misses you.
You bump into the rock wall.
Something hits you.
You feel drained.
You are engulfed in negative energy!
You feel drained. The iguana barely misses you.
Unknown command.
You miss something. You hit the iguana but do no damage. Something hits you!
You feel drained. Pain shoots through your body!
* * * LOW HITPOINT WARNING * * *
The iguana bites you but does no damage.
Unknown command.
It was a potion of heal wounds.
You feel much better. The iguana closely misses you. Something hits you.
You feel drained. Pain shoots through your body!
* * * LOW HITPOINT WARNING * * *
Unknown command.
A magic dart appears from out of thin air!
The magic dart hits you but does no damage.
The iguana attacks as it pursues you! The iguana bites you.
* * * LOW HITPOINT WARNING * * *
Unknown command.
Okay, then.
It was a potion of might.
You feel very mighty all of a sudden.
You feel less confused. Something hits you!
You die...

...# ................# ...#
#................# ...#
#......?.).....#.#
...##########..............#
............#.............#..
##..........#....#......###..#
##..........#....#{.....# .#
.'...)......#....l......+ #
##..).......#...@#......#
....).......'....'......+
##.##########....#......# ...#
#...####......# #### #.###
####### ♣. . . .♣


You could see an iguana.

Vanquished Creatures
  Sigmund (D:2)
  Menkaure (D:4)
  Edmund (D:4)
  An ice beast (D:5)
  A black bear (D:5)
  2 ogres
  2 phantoms (D:5)
  A vampire bat (D:3)
  2 hounds (D:4)
  3 bombardier beetles
  A sleepcap (D:5)
  Jessica (D:2)
  An iguana (D:4)
  Ijyb (D:5)
  Terence (D:2)
  3 orc wizards (D:5)
  Natasha (thrice) (D:2)
  4 adders
  3 fire bats (D:3)
  10 orcs
  2 spectral bats (D:3)
  3 bat skeletons (D:3)
  A bat zombie (D:3)
  3 endoplasms
  3 giant cockroaches
  9 hobgoblins
  2 jackals (D:2)
  3 quokkas
  6 ball pythons
  16 bats
  A bat simulacrum (D:3)
  6 frilled lizards
  9 goblins
  10 kobolds
  2 rats (D:1)
119 creatures vanquished.

Notes
Turn   | Place    | Note
-------+----------+-------------------------------------------
     0 | D:1      | hikkokomori the Minotaur Berserker began the quest for the
                  | Orb.
     0 | D:1      | Reached XP level 1. HP: 19/19 MP: 0/0
    25 | D:1      | Reached skill level 4 in Axes
   133 | D:1      | Reached XP level 2. HP: 26/27 MP: 1/1
   473 | D:1      | Found Kotuseiv's Assorted Antiques.
   942 | D:2      | Noticed Sigmund
   958 | D:2      | Killed Sigmund
   959 | D:2      | Reached skill level 5 in Fighting
   959 | D:2      | Reached skill level 5 in Axes
   959 | D:2      | Reached XP level 3. HP: 37/37 MP: 2/2
   959 | D:2      | Reached XP level 4. HP: 44/44 MP: 3/3
   959 | D:2      | Reached XP level 5. HP: 50/50 MP: 4/4
  1028 | D:2      | Reached ** piety under Trog
  1038 | D:2      | Noticed Natasha
  1050 | D:2      | Killed Natasha
  1051 | D:2      | Reached skill level 6 in Axes
  1088 | D:2      | Noticed Terence
  1094 | D:2      | Killed Terence
  1197 | D:2      | Found a sparkling altar of Nemelex Xobeh.
  1339 | D:2      | Noticed Natasha
  1347 | D:2      | Killed Natasha
  1348 | D:2      | Reached XP level 6. HP: 46/57 MP: 5/5
  1418 | D:2      | Noticed Jessica
  1423 | D:2      | Killed Jessica
  1424 | D:2      | Reached skill level 1 in Shields
  1507 | D:2      | Noticed Natasha
  1514 | D:2      | Killed Natasha
  1850 | D:3      | Found Uhifum's Magic Scroll Boutique.
  1867 | D:3      | Bought a scroll of noise for 10 gold pieces
  1867 | D:3      | Bought a scroll of blinking for 75 gold pieces
  2009 | D:3      | Reached *** piety under Trog
  2018 | D:3      | Reached skill level 7 in Axes
  2226 | D:4      | Noticed Edmund
  2237 | D:4      | Reached XP level 7. HP: 61/63 MP: 6/6
  2241 | D:4      | Killed Edmund
  2728 | D:4      | Found a sacrificial altar of Ru.
  2729 | D:4      | Found a burning altar of Makhleb.
  2731 | D:4      | Found a shadowy altar of Dithmenos.
  2732 | D:4      | Found a white marble altar of Elyvilon.
  2972 | D:4      | Reached skill level 8 in Axes
  2972 | D:4      | Reached skill level 5 in Shields
  3014 | D:4      | Noticed Menkaure
  3022 | D:4      | Killed Menkaure
  3138 | D:5      | Entered Level 5 of the Dungeon
  3138 | D:5      | Found Uller's CLEARANCE SALE!.
  3143 | D:5      | Bought a +1 scale mail of poison resistance for 78 gold
                  | pieces
  3164 | D:5      | Reached XP level 8. HP: 24/70 MP: 7/7
  3341 | D:5      | Noticed Ijyb
  3360 | D:5      | Killed Ijyb
  3455 | D:5      | Found a staircase to the Ecumenical Temple.
  3472 | D:5      | Noticed a +0 hand axe
  3473 | D:5      | Found a hide-covered altar of Uskayaw.
  3473 | D:5      | Noticed a +0 dagger
  3528 | D:5      | Reached skill level 9 in Axes
  3878 | D:5      | Mangled by an orc wizard

Illustrated notes

Levels and vault maps discovered:
D:1:      roadster_arrival_rocket_small, layout_loops_ring, serial_shops,
          nicolae_shop_statue_plus, minmay_tromino_mix6
D:2:      layout_basic, basic_altar, uniq_sigmund, uniq_natasha, uniq_terence,
          uniq_jessica
D:3:      layout_rooms, serial_shops, nicolae_diamond_shop, goddamned_bats
D:4:      layout_cave_pods, minitemple, amcnicky_mini_rare_corridor_liquid,
          minmay_close_crescents, uniq_edmund, uniq_menkaure
D:5:      kb_forest_paths, layout_basic, dancing_weapons_uskayaw,
          grunt_ministairs_7, nicolae_shop_clearance, uniq_ijyb

Skill      XL: |  1  2  3  4  5  6  7  8 |
---------------+-------------------------+-----
Fighting       | 4 5 6 |  6.9
Axes           | 4 5 6 7 8 9 |  9.4
Shields        | 3 5 7 |  7.6
Armour         | |  2.4
Dodging        | |  2.1

Action                     |  1- 3 |  4- 6 |  7- 9 || total
---------------------------+-------+-------+-------++-------
  Melee: Hand axe          |    62 |   111 |   137 ||   310
         Headbutt          |     8 |    15 |    33 ||    56
  Throw: Javelin           |       |       |     2 ||     2
 Invoke: Berserk           |     1 |     1 |     2 ||     4
         Trog's Hand       |       |       |     2 ||     2
    Use: Potion            |       |       |     2 ||     2
 Armour: Animal skin       |    18 |       |       ||    18
         Ring mail         |    18 |    89 |    17 ||   124
         Scale mail        |       |       |    63 ||    63
  Dodge: Dodged            |    32 |    89 |    48 ||   169
  Block: Kite shield       |       |       |    10 ||    10
